 Dungeon Crawl Stone Soup version 0.29-a0-512-gf59ac788ac (webtiles) character file.

Game seed: 10525291596404991198

5 Spectrina the Ducker (level 1, 0/13 HPs)
             Began as a Deep Elf Monk on May 29, 2022.
             Constricted to death by a ball python (1 damage)
             ... on level 1 of the Dungeon.
             The game lasted 00:01:01 (142 turns).

Spectrina the Ducker (Deep Elf Monk)                 Turns: 142, Time: 00:01:02

Health: 0/13       AC:  6    Str:  8    XL:     1   Next: 66%
Magic:  3/3        EV:  8    Int: 14    God:
Gold:   0          SH:  0    Dex: 17    Spells: 0/0 levels left

rFire   . . .      SeeInvis .   a - +0 spear
rCold   . . .      Faith    .   (no shield)
rNeg    . . .      Spirit   .   d - +0 ring mail
rPois   .          Reflect  .   (no helmet)
rElec   .          Harm     .   (no cloak)
rCorr   .          Rampage  .   (no gloves)
Will    .....                   f - +0 pair of boots
Stlth   ++........              (no amulet)
HPRegen 0.04/turn               (no ring)
MPRegen 0.08/turn               (no ring)

@: constricted
A: no striking features
a: no special abilities


You were on level 1 of the Dungeon.
You visited 1 branch of the dungeon, and saw 2 of its levels.

Inventory:

Hand Weapons
 a - a +0 spear (weapon)
Missiles
 e - 14 stones (quivered)
Armour
 b - a +0 robe
 d - a +0 ring mail (worn)
 f - a +0 pair of boots (worn)
Scrolls
 g - a scroll of summoning {unknown}
Potions
 c - 2 potions of ambrosia


   Skills:
 - Level 2.4 Fighting
 + Level 2.5 Polearms
 - Level 3.6 Dodging
 - Level 2.4 Stealth


You couldn't memorise any spells.
You didn't know any spells.
Your spell library was empty.

Dungeon Overview and Level Annotations

Branches:
Dungeon (2/15)

Altars:

Annotations:
D:2 Jessica


Message History

You see here a +0 flail.
Found a scroll labelled AGANACK FEGGAPS and a potion of ambrosia.
g - a scroll labelled AGANACK FEGGAPS
c - 2 potions of ambrosia (gained 1)
A ball python comes into view.
Throw: 18 stones
Press: ? - help, Q - select action Shift-Dir - straight line, f - ball python
Aim: a ball python (asleep, 98% to hit)
You throw a stone. The stone hits the ball python.
The ball python hisses angrily.
The ball python is moderately wounded.
Throw: 17 stones
Press: ? - help, Q - select action Shift-Dir - straight line, f/p - ball python
Aim: a ball python (moderately wounded, 57% to hit)
You throw a stone.
The stone hits the ball python but does no damage.
The ball python is moderately wounded.
Throw: 16 stones
Press: ? - help, Q - select action Shift-Dir - straight line, f/p - ball python
Aim: a ball python (moderately wounded, 57% to hit)
You throw a stone.
The stone barely misses the ball python.
Throw: 15 stones
Press: ? - help, Q - select action Shift-Dir - straight line, f/p - ball python
Aim: a ball python (moderately wounded, 57% to hit)
You throw a stone. The stone hits the ball python.
The ball python is heavily wounded.
Reach: a) +0 spear
Press: ? - help, Dir - move target, f/p - ball python
Aim: a ball python (heavily wounded, about 39% to evade your +0 spear)
You reach to attack!
You completely miss the ball python.
The ball python is heavily wounded.
The ball python bites you.
* * * LOW HITPOINT WARNING * * *
The ball python barely misses you.
You closely miss the ball python.
The ball python is heavily wounded.
The ball python bites you but does no damage.
The ball python grabs you. The ball python constricts you.
You die...

#######..# ......
..# .(. ###### ..#
#.# #(# #...# #.#
#.# #..## #.# #.#
#..# #.# #(# #..#
#.# #.# #..# #.#
#S# ######..# #.#
#@#
#...##..####.###.#
.................#
...#.#############
.###.# #...##
#####


You could see a ball python.

Vanquished Creatures
  2 bats (D:1)
  An endoplasm (D:1)
  A goblin (D:1)
  A frilled lizard (D:1)
5 creatures vanquished.

Notes
Turn   | Place    | Note
-------+----------+-------------------------------------------
     0 | D:1      | Spectrina the Deep Elf Monk began the quest for the Orb.
     0 | D:1      | Reached XP level 1. HP: 13/13 MP: 3/3
    83 | D:2      | Noticed Jessica
   142 | D:1      | Constricted to death by a ball python

Illustrated notes

Levels and vault maps discovered:
D:1:      dpeg_arrival_boxes_within_box, layout_loops_ring,
          shapermc_ecumenical_altar_mp_urbaneastern
D:2:      cheibrodos_old_hovel, layout_loops_corners, serial_shops,
          nicolae_shop_stone, basic_altar, uniq_robin, uniq_jessica

Action                   || total
-------------------------++-------
Melee: Spear             ||    25
Throw: Stone             ||     4
Armor: Robe              ||     3
       Ring mail         ||     2
Dodge: Dodged            ||    12

Table legend: (Time is in decaauts)
 A = Elapsed time spent in this place.
 B = Non-inter-level travel time spent in this place.
 C = Inter-level travel time spent in this place.
 D = Time resting spent in this place.
 E = Time spent auto-exploring this place.
 F = Levels seen in this place.
 G = Mean time per level.
                   A        B        C        D        E       F      G
               +--------+--------+--------+--------+--------+-----+--------+
         Total |    142 |    142 |      0 |      0 |      0 |   2 |   71.0 |
       Dungeon |    142 |    142 |      0 |      0 |      0 |   2 |   71.0 |
               +--------+--------+--------+--------+--------+-----+--------+

Top non-repeatable levels by time:
     D:1: 127 daAuts
     D:2: 14 daAuts
